Belleville Senators vs Penguins

Created - 11 février 2025 at 21:22

Goals
1 2 3 T
Belleville Senators 0 0 0 0
Penguins 0 1 1 2
Shots
1 2 3 T
Belleville Senators 4 9 3 16
Penguins 8 18 14 40

GoalsPenalties
1st period
No Goal
No Penalty
2nd period
1. Penguins , Danny O'Regan 20 (Ben Tardif 13) at 11:37
Brendan Furry (PIT) for Cross-checking (Minor) at 3:44
Kieffer Bellows (OTT) for High sticking (Minor) at 14:06
3rd period
2. Penguins , Ben Berard 11 (Brendan Furry 20, Danny O'Regan 27) at 12:23 (PP)
Jordan Spence (OTT) for Slashing (Minor) at 11:51
Ben Tardif (PIT) for Tripping (Minor) at 13:08
Goalie Stats
Eric Comrie (OTT), 38 saves from 40 shots - (0,950), L, 25-24-5, 60:00 minutes
Zach Fucale (PIT), 16 saves from 16 shots - (1,000), W, 40-18-9, 60:00 minutes
3 StarsOfficial
1 - Danny O'Regan (PIT)
2 - Zach Fucale (PIT)
3 - Eric Comrie (OTT)
Referees : Kyle Rehman and Jean Hebert
Linesman : Jonny Murray and Daniel Negreanu
Game Note
No Game Note



Team Name Goals Shots Shots Attemp Shots Blocked PIM HIT PP PK FO%
Belleville Senators 01633124150 / 2 (0%)138%
Penguins 2407684271 / 2 (50%)062%

Belleville Senators
Player Name POS G A P +/- PIM HIT SHT SB MP PP MP PP SHT PK MP PK SHT FO% FOT GA TA
Beck MalenstynC/LW000-1023020:020:5600:570100% 110
Brett MurrayLW0000010112:450:2000:5100% 101
Charles HudonC/LW/RW0000011124:581:3700:00022% 1802
Cole SchneiderLW000-1011320:191:5500:47050% 200
Glenn GawdinC/RW000000005:051:1700:1500% 000
Griffin MendelD000000001:310:0000:0000% 000
Hugh McGingC/LW0000012117:130:0000:0000% 100
Isak RosenRW0000002015:050:0000:0000% 101
Jordan SpenceD000-1222027:561:5800:4100% 013
Kieffer BellowsLW0000210018:582:0200:3200% 200
Kristians RubinsD0000010017:162:0000:3700% 010
Madison BoweyD0000010425:532:0001:5000% 002
Montana OnyebuchiD000000000:000:0000:0000% 000
Noel HoefenmayerD0000001121:060:0001:1300% 000
Oliver WahlstromRW0000033023:311:5201:190100% 221
Rhett GardnerC/LW000-1011019:321:5500:21053% 1910
Tyler WotherspoonD000-1000126:171:5800:4100% 003
Wyatt AamodtD000000000:000:0000:0000% 000
Penguins
Player Name POS G A P +/- PIM HIT SHT SB MP PP MP PP SHT PK MP PK SHT FO% FOT GA TA
Ben BerardC/LW/RW1010032014:271:0711:390100% 111
Ben TardifC/LW/RW0111232015:110:0400:0000% 010
Bokondji ImamaLW0001002014:230:0000:0000% 000
Brendan FurryC/LW/RW0110211113:431:0700:29029% 700
Brett BudgellC/LW/RW000000309:450:0400:43033% 301
Chase WheatcroftLW0000022011:340:0000:1500% 000
Collin AdamsLW000002418:160:0000:0000% 010
Daniel D'AmatoC/LW/RW000001009:020:0400:0000% 000
Danny O'ReganC/LW1121037016:131:0710:30073% 1520
Jakub ZborilD0000022127:121:2102:1010% 001
Jamie DrysdaleD0000000127:251:2102:1000% 041
Keaton ThompsonD0000003013:270:0000:0000% 010
Mark JankowskiC/LW0000047021:491:2002:13072% 1821
Markus NiemelainenD0001010319:081:1001:4800% 000
Philip KempD0001022019:211:1001:4800% 000
Robin SaloD0000011013:270:0000:0000% 000
Scott SabourinRW0000021119:541:2000:0000% 201
Valtteri PuustinenLW/RW0000001021:431:2002:070100% 110

Belleville Senators

5 vs 5 Forward
Line #Left WingCenterRight WingPHYDFOFWanted %Time %Time Play
1Kieffer BellowsCharles HudonOliver Wahlstrom1224031%16:20
2Cole SchneiderRhett GardnerBeck Malenstyn1223035%18:54
3Brett MurrayHugh McGingOliver Wahlstrom1222018%9:44
4Hugh McGingCharles HudonIsak Rosen1221016%8:33
5 vs 5 Defense
Line #DefenseDefensePHYDFOFWanted %Time %Time Play
1Jordan SpenceTyler Wotherspoon1224038%20:09
2Noel HoefenmayerMadison Bowey1223034%18:09
3Kristians RubinsJordan Spence1222021%11:02
4Madison BoweyTyler Wotherspoon122108%4:11
Power Play Forward
Line #Left WingCenterRight WingPHYDFOFWanted %Time %Time Play
1Kieffer BellowsCharles HudonOliver Wahlstrom1226052%2:03
2Cole SchneiderRhett GardnerKieffer Bellows1224048%1:55
Power Play Defense
Line #DefenseDefensePHYDFOFWanted %Time %Time Play
1Jordan SpenceTyler Wotherspoon1226050%1:58
2Kristians RubinsMadison Bowey1224050%2:00
Penalty Kill 4 Players Forward
Line #CenterWingPHYDFOFWanted %Time %Time Play
1Oliver WahlstromKieffer Bellows12260100%2:31
2Hugh McGingCole Schneider122400%0:00
Penalty Kill 4 Players Defense
Line #DefenseDefensePHYDFOFWanted %Time %Time Play
1Madison BoweyTyler Wotherspoon1226052%1:18
2Noel HoefenmayerJordan Spence1224048%1:13
Penalty Kill 3 Players
Line #WingPHYDFOFWanted %Time %Time PlayDefenseDefensePHYDFOFWanted %Time %Time Play
1Kieffer Bellows122600%0:00 Madison BoweyTyler Wotherspoon122600%0:00
2Hugh McGing122400%0:00 Noel HoefenmayerKristians Rubins122400%0:00
4 vs 4 Forward
Line #CenterWingPHYDFOFWanted %Time %Time Play
1Charles HudonKieffer Bellows122600%0:00
2Rhett GardnerBrett Murray122400%0:00
4 vs 4 Defense
Line #DefensePHYDFOFWanted %Time %Time Play
1Madison BoweyTyler Wotherspoon122600%0:00
2Noel HoefenmayerJordan Spence122400%0:00
Last Minutes Offensive
Left WingCenterRight WingDefenseDefense
Kieffer BellowsCharles HudonOliver WahlstromMadison BoweyJordan Spence
Last Minutes Defensive
Left WingCenterRight WingDefenseDefense
Kieffer BellowsCharles HudonOliver WahlstromNoel HoefenmayerTyler Wotherspoon
Time
Total ForwardTotal DefenseLast Minutes OffensiveLast Minutes Defensive
60:00 60:00 0:000:00
Extra Forwards
Normal PowerPlayPenalty Kill
Oliver Wahlstrom, Cole Schneider, Isak RosenKieffer Bellows, Cole SchneiderCole Schneider
Extra Defensemen
Normal PowerPlayPenalty Kill
Madison Bowey, Tyler Wotherspoon, Noel HoefenmayerJordan Spence, Madison BoweyNoel Hoefenmayer
Penalty Shots
Oliver Wahlstrom, Cole Schneider, Kieffer Bellows, Charles Hudon, Isak Rosen
Goalie
Eric Comrie, Dylan Garand
Scratches
Isaac Ratcliffe (Healthy), Justin Kirkland (Healthy), Bryce Kindopp (Healthy), Dillon Simpson (Healthy), Cameron Morrison (Healthy) Roby Jarventie (Healthy), Tyson Empey (Healthy), Steven Jandric (Healthy), Olivier Rodrigue (Healthy), Jacob Kucharski (Healthy) Jake Kupsky (Healthy)

Penguins

5 vs 5 Forward
Line #Left WingCenterRight WingPHYDFOFWanted %Time %Time Play
1Valtteri PuustinenMark JankowskiScott Sabourin1224337%19:46
2Bokondji ImamaDanny O'ReganBen Tardif1223127%14:23
3Chase WheatcroftBrendan FurryBen Berard0322021%11:06
4Collin AdamsBrett BudgellDaniel D'Amato032615%8:16
5 vs 5 Defense
Line #DefenseDefensePHYDFOFWanted %Time %Time Play
1Jamie DrysdaleJakub Zboril0234038%20:33
2Markus NiemelainenPhilip Kemp0233030%16:10
3Robin SaloKeaton Thompson0322025%13:27
4Jamie DrysdaleJakub Zboril032106%3:21
Power Play Forward
Line #Left WingCenterRight WingPHYDFOFWanted %Time %Time Play
1Valtteri PuustinenMark JankowskiScott Sabourin1226056%1:24
2Ben BerardDanny O'ReganBrendan Furry1224044%1:07
Power Play Defense
Line #DefenseDefensePHYDFOFWanted %Time %Time Play
1Jamie DrysdaleJakub Zboril1226054%1:21
2Markus NiemelainenPhilip Kemp1224046%1:10
Penalty Kill 4 Players Forward
Line #CenterWingPHYDFOFWanted %Time %Time Play
1Mark JankowskiValtteri Puustinen1226088%3:29
2Danny O'ReganBen Berard1224012%0:29
Penalty Kill 4 Players Defense
Line #DefenseDefensePHYDFOFWanted %Time %Time Play
1Jamie DrysdaleJakub Zboril1226055%2:10
2Markus NiemelainenPhilip Kemp1224045%1:48
Penalty Kill 3 Players
Line #WingPHYDFOFWanted %Time %Time PlayDefenseDefensePHYDFOFWanted %Time %Time Play
1Mark Jankowski122600%0:00 Jamie DrysdaleJakub Zboril122600%0:00
2Danny O'Regan122400%0:00 Markus NiemelainenPhilip Kemp122400%0:00
4 vs 4 Forward
Line #CenterWingPHYDFOFWanted %Time %Time Play
1Mark JankowskiValtteri Puustinen122600%0:00
2Danny O'ReganBen Berard122400%0:00
4 vs 4 Defense
Line #DefensePHYDFOFWanted %Time %Time Play
1Jamie DrysdaleJakub Zboril122600%0:00
2Markus NiemelainenPhilip Kemp122400%0:00
Last Minutes Offensive
Left WingCenterRight WingDefenseDefense
Valtteri PuustinenMark JankowskiDanny O'ReganJamie DrysdaleJakub Zboril
Last Minutes Defensive
Left WingCenterRight WingDefenseDefense
Valtteri PuustinenMark JankowskiDanny O'ReganJamie DrysdaleJakub Zboril
Time
Total ForwardTotal DefenseLast Minutes OffensiveLast Minutes Defensive
60:00 60:00 0:000:00
Extra Forwards
Normal PowerPlayPenalty Kill
Brendan Furry, Ben Tardif, Ben BerardBrendan Furry, Ben TardifBrendan Furry
Extra Defensemen
Normal PowerPlayPenalty Kill
Philip Kemp, Jamie Drysdale, Keaton ThompsonPhilip Kemp, Philip KempRobin Salo
Penalty Shots
Mark Jankowski, Valtteri Puustinen, Ben Berard, Danny O'Regan, Brendan Furry
Goalie
Zach Fucale, Arvid Holm
Scratches
Alex Swetlikoff (Healthy), Anthony Romano (Healthy), Alex-Olivier Voyer (Healthy), Brennan Saulnier (Healthy), Brandon Cutler (Healthy) Patrick McGrath (Healthy), Ryan MacKinnon (Healthy), Alex Breton (Healthy), Carl Dahlström (Healthy), Chad Nychuk (Healthy) Zane McIntyre (Healthy)


Play-by-Play

1st period


0:01 of 1st period - Mark Jankowski wins face-off versus Charles Hudon in neutral zone.
0:04 of 1st period - Slapshot by Jamie Drysdale.
0:04 of 1st period - Shot Misses the Net.
1:06 of 1st period - Collin Adams is hit by Charles Hudon and loses puck.
1:52 of 1st period - Snap shot by Brendan Furry.
1:52 of 1st period - Shot Misses the Net.
3:01 of 1st period - Noel Hoefenmayer is hit by Ben Berard and loses puck.
3:14 of 1st period - Jamie Drysdale is hit by Oliver Wahlstrom and loses puck.
3:25 of 1st period - Glenn Gawdin is hit by Collin Adams.
3:48 of 1st period - Jordan Spence is hit by Danny O'Regan and loses puck.
3:59 of 1st period - Bokondji Imama is hit by Kristians Rubins and loses puck.
4:06 of 1st period - Snap shot by Oliver Wahlstrom.
4:06 of 1st period - Shot Misses the Net.
4:18 of 1st period - Snap shot by Oliver Wahlstrom.
4:18 of 1st period - Stopped by Zach Fucale without a rebound.
4:19 of 1st period - Beck Malenstyn wins face-off versus Mark Jankowski in Penguins zone.
4:20 of 1st period - Wrist shot by Cole Schneider.
4:20 of 1st period - Shot Blocked by Markus Niemelainen.
5:58 of 1st period - Wrist shot by Daniel D'Amato.
5:58 of 1st period - Shot Misses the Net.
6:00 of 1st period - Wrist shot by Collin Adams.
6:00 of 1st period - Stopped by Eric Comrie with a rebound.
6:02 of 1st period - Slapshot by Robin Salo.
6:02 of 1st period - Shot Blocked by Cole Schneider.
6:17 of 1st period - Icing by Ben Berard.
6:18 of 1st period - Danny O'Regan wins face-off versus Charles Hudon in Penguins zone.
6:44 of 1st period - Valtteri Puustinen is hit by Rhett Gardner and loses puck.
8:28 of 1st period - Slapshot by Keaton Thompson.
8:28 of 1st period - Stopped by Eric Comrie with a rebound.
8:30 of 1st period - Slapshot by Keaton Thompson.
8:30 of 1st period - Stopped by Eric Comrie without a rebound.
8:31 of 1st period - Rhett Gardner wins face-off versus Brendan Furry in Belleville Senators zone.
9:21 of 1st period - Slapshot by Jamie Drysdale.
9:21 of 1st period - Deflect By Collin Adams.
9:21 of 1st period - Stopped by Eric Comrie with a rebound.
10:03 of 1st period - Snap shot by Beck Malenstyn.
10:03 of 1st period - Shot Blocked by Collin Adams.
10:05 of 1st period - Wrist shot by Cole Schneider.
10:05 of 1st period - Stopped by Zach Fucale with a rebound.
10:07 of 1st period - Snap shot by Cole Schneider.
10:07 of 1st period - Shot Misses the Net.
10:15 of 1st period - Snap shot by Beck Malenstyn.
10:15 of 1st period - Stopped by Zach Fucale without a rebound.
10:16 of 1st period - Charles Hudon wins face-off versus Mark Jankowski in Penguins zone.
10:19 of 1st period - Backhand shot by Oliver Wahlstrom.
10:19 of 1st period - Stopped by Zach Fucale without a rebound.
10:20 of 1st period - Mark Jankowski wins face-off versus Charles Hudon in Penguins zone.
11:46 of 1st period - Ben Tardif is hit by Hugh McGing and loses puck.
12:22 of 1st period - Kristians Rubins is hit by Robin Salo and loses puck.
12:48 of 1st period - Oliver Wahlstrom is hit by Ben Tardif and loses puck.
13:03 of 1st period - Brett Murray is hit by Philip Kemp and loses puck.
13:22 of 1st period - Kristians Rubins is hit by Scott Sabourin and loses puck.
13:59 of 1st period - Icing by Jordan Spence.
14:00 of 1st period - Rhett Gardner wins face-off versus Danny O'Regan in Belleville Senators zone.
14:19 of 1st period - Wrist shot by Valtteri Puustinen.
14:19 of 1st period - Stopped by Eric Comrie without a rebound.
14:20 of 1st period - Rhett Gardner wins face-off versus Brendan Furry in Belleville Senators zone.
14:20 of 1st period - Rhett Gardner is hit by Brendan Furry.
14:36 of 1st period - Philip Kemp is hit by Oliver Wahlstrom and loses puck.
14:52 of 1st period - Valtteri Puustinen is hit by Brett Murray.
15:04 of 1st period - Slapshot by Jamie Drysdale.
15:04 of 1st period - Shot Misses the Net.
15:06 of 1st period - Wrist shot by Bokondji Imama.
15:06 of 1st period - Stopped by Eric Comrie with a rebound.
15:08 of 1st period - Wrist shot by Bokondji Imama.
15:08 of 1st period - Deflect By Danny O'Regan.
15:08 of 1st period - Shot Misses the Net.
15:08 of 1st period - Puck is out of play.
15:09 of 1st period - Danny O'Regan wins face-off versus Charles Hudon in Belleville Senators zone.
15:27 of 1st period - Wrist shot by Danny O'Regan.
15:27 of 1st period - Shot Blocked by Madison Bowey.
15:51 of 1st period - Snap shot by Mark Jankowski.
15:51 of 1st period - Stopped by Eric Comrie without a rebound.
15:52 of 1st period - Mark Jankowski wins face-off versus Charles Hudon in Belleville Senators zone.
16:03 of 1st period - Slapshot by Mark Jankowski.
16:03 of 1st period - Stopped by Eric Comrie with a rebound.
17:00 of 1st period - Charles Hudon is hit by Markus Niemelainen and loses puck.
19:05 of 1st period - Icing by Kieffer Bellows.
19:06 of 1st period - Mark Jankowski wins face-off versus Charles Hudon in Belleville Senators zone.
19:21 of 1st period - Rhett Gardner is hit by Danny O'Regan and loses puck.
19:46 of 1st period - Slapshot by Jordan Spence.
19:46 of 1st period - Shot Misses the Net.
Goals for this period are 0 for Belleville Senators vs 0 for Penguins.
Shots for this period are 4 for Belleville Senators vs 8 for Penguins.

2nd period


0:01 of 2nd period - Valtteri Puustinen wins face-off versus Charles Hudon in neutral zone.
0:06 of 2nd period - Oliver Wahlstrom is hit by Scott Sabourin and loses puck.
0:29 of 2nd period - Beck Malenstyn is hit by Mark Jankowski and loses puck.
0:44 of 2nd period - Wrist shot by Mark Jankowski.
0:44 of 2nd period - Stopped by Eric Comrie with a rebound.
0:50 of 2nd period - Snap shot by Mark Jankowski.
0:50 of 2nd period - Stopped by Eric Comrie with a rebound.
0:52 of 2nd period - Slapshot by Valtteri Puustinen.
0:52 of 2nd period - Deflect By Mark Jankowski.
0:52 of 2nd period - Shot Misses the Net.
0:52 of 2nd period - Puck is out of play.
0:53 of 2nd period - Charles Hudon wins face-off versus Danny O'Regan in Belleville Senators zone.
1:00 of 2nd period - Slapshot by Jordan Spence.
1:00 of 2nd period - Stopped by Zach Fucale with a rebound.
1:02 of 2nd period - Slapshot by Charles Hudon.
1:02 of 2nd period - Deflect By Isak Rosen.
1:02 of 2nd period - Stopped by Zach Fucale without a rebound.
1:03 of 2nd period - Charles Hudon wins face-off versus Danny O'Regan in Penguins zone.
1:39 of 2nd period - Wrist shot by Isak Rosen.
1:39 of 2nd period - Shot Misses the Net.
1:41 of 2nd period - Slapshot by Isak Rosen.
1:41 of 2nd period - Stopped by Zach Fucale without a rebound.
1:42 of 2nd period - Rhett Gardner wins face-off versus Mark Jankowski in Penguins zone.
2:36 of 2nd period - Oliver Wahlstrom is hit by Collin Adams and loses puck.
3:04 of 2nd period - Charles Hudon is hit by Mark Jankowski and loses puck.
3:13 of 2nd period - Slapshot by Mark Jankowski.
3:13 of 2nd period - Stopped by Eric Comrie with a rebound.
3:25 of 2nd period - Snap shot by Oliver Wahlstrom.
3:25 of 2nd period - Stopped by Zach Fucale without a rebound.
3:26 of 2nd period - Rhett Gardner wins face-off versus Danny O'Regan in Penguins zone.
3:41 of 2nd period - Snap shot by Cole Schneider.
3:41 of 2nd period - Deflect By Rhett Gardner.
3:41 of 2nd period - Stopped by Zach Fucale without a rebound.
3:42 of 2nd period - Ben Berard wins face-off versus Rhett Gardner in Penguins zone.
3:44 of 2nd period - Minor Penalty to Brendan Furry for Cross-checking.
3:45 of 2nd period - Mark Jankowski wins face-off versus Rhett Gardner in Penguins zone.
3:45 of 2nd period - Mark Jankowski is hit by Jordan Spence.
5:44 of 2nd period - Penalty to Brendan Furry is over, Brendan Furry is back on ice.
6:06 of 2nd period - Slapshot by Danny O'Regan.
6:06 of 2nd period - Stopped by Eric Comrie with a rebound.
6:08 of 2nd period - Snap shot by Danny O'Regan.
6:08 of 2nd period - Stopped by Eric Comrie without a rebound.
6:09 of 2nd period - Danny O'Regan wins face-off versus Hugh McGing in Belleville Senators zone.
6:30 of 2nd period - Scott Sabourin is hit by Cole Schneider.
7:17 of 2nd period - Wrist shot by Valtteri Puustinen.
7:17 of 2nd period - Shot Misses the Net.
7:19 of 2nd period - Wrist shot by Scott Sabourin.
7:19 of 2nd period - Stopped by Eric Comrie with a rebound.
7:43 of 2nd period - Oliver Wahlstrom is hit by Danny O'Regan and loses puck.
8:40 of 2nd period - Kristians Rubins is hit by Ben Tardif.
8:46 of 2nd period - Jordan Spence is hit by Ben Tardif and loses puck.
9:19 of 2nd period - Valtteri Puustinen is hit by Madison Bowey and loses puck.
9:34 of 2nd period - Slapshot by Robin Salo.
9:34 of 2nd period - Stopped by Eric Comrie without a rebound.
9:35 of 2nd period - Brendan Furry wins face-off versus Brett Murray in Belleville Senators zone.
9:36 of 2nd period - Wrist shot by Chase Wheatcroft.
9:36 of 2nd period - Shot Misses the Net.
9:47 of 2nd period - Off-side.
9:48 of 2nd period - Rhett Gardner wins face-off versus Mark Jankowski in neutral zone.
9:57 of 2nd period - Valtteri Puustinen is hit by Beck Malenstyn and loses puck.
10:24 of 2nd period - Jakub Zboril is hit by Oliver Wahlstrom.
10:34 of 2nd period - Ben Berard is hit by Kieffer Bellows and loses puck.
10:47 of 2nd period - Slapshot by Philip Kemp.
10:47 of 2nd period - Stopped by Eric Comrie without a rebound.
10:48 of 2nd period - Rhett Gardner wins face-off versus Brett Budgell in Belleville Senators zone.
11:02 of 2nd period - Snap shot by Brett Budgell.
11:02 of 2nd period - Stopped by Eric Comrie with a rebound.
11:04 of 2nd period - Snap shot by Brett Budgell.
11:04 of 2nd period - Stopped by Eric Comrie without a rebound.
11:05 of 2nd period - Mark Jankowski wins face-off versus Charles Hudon in Belleville Senators zone.
11:12 of 2nd period - Snap shot by Mark Jankowski.
11:12 of 2nd period - Shot Misses the Net.
11:14 of 2nd period - Slapshot by Jamie Drysdale.
11:14 of 2nd period - Shot Misses the Net.
11:29 of 2nd period - Icing by Oliver Wahlstrom.
11:30 of 2nd period - Danny O'Regan wins face-off versus Rhett Gardner in Belleville Senators zone.
11:37 of 2nd period - Snap shot by Danny O'Regan.
11:37 of 2nd period - Goal by Danny O'Regan - Belleville Senators : 0 - Penguins : 1.
11:38 of 2nd period - Mark Jankowski wins face-off versus Charles Hudon in neutral zone.
11:40 of 2nd period - Off-side.
11:41 of 2nd period - Mark Jankowski wins face-off versus Kieffer Bellows in neutral zone.
11:44 of 2nd period - Charles Hudon is hit by Jakub Zboril and loses puck.
11:57 of 2nd period - Wrist shot by Jordan Spence.
11:57 of 2nd period - Shot Blocked by Jakub Zboril.
12:28 of 2nd period - Slapshot by Jordan Spence.
12:28 of 2nd period - Shot Blocked by Brendan Furry.
12:47 of 2nd period - Hugh McGing is hit by Philip Kemp and loses puck.
12:52 of 2nd period - Wrist shot by Brett Budgell.
12:52 of 2nd period - Stopped by Eric Comrie with a rebound.
12:54 of 2nd period - Snap shot by Robin Salo.
12:54 of 2nd period - Shot Blocked by Madison Bowey.
12:56 of 2nd period - Slapshot by Robin Salo.
12:56 of 2nd period - Deflect By Daniel D'Amato.
12:56 of 2nd period - Shot Blocked by Noel Hoefenmayer.
12:56 of 2nd period - Puck is out of play.
12:57 of 2nd period - Mark Jankowski wins face-off versus Rhett Gardner in Belleville Senators zone.
13:02 of 2nd period - Snap shot by Mark Jankowski.
13:02 of 2nd period - Shot Blocked by Cole Schneider.
13:10 of 2nd period - Wrist shot by Beck Malenstyn.
13:10 of 2nd period - Stopped by Zach Fucale with a rebound.
13:12 of 2nd period - Slapshot by Noel Hoefenmayer.
13:12 of 2nd period - Stopped by Zach Fucale with a rebound.
13:21 of 2nd period - Off-side.
13:22 of 2nd period - Danny O'Regan wins face-off versus Charles Hudon in neutral zone.
13:56 of 2nd period - Snap shot by Brendan Furry.
13:56 of 2nd period - Shot Misses the Net.
13:58 of 2nd period - Slapshot by Ben Berard.
13:58 of 2nd period - Stopped by Eric Comrie with a rebound.
14:00 of 2nd period - Snap shot by Ben Berard.
14:00 of 2nd period - Shot Misses the Net.
14:06 of 2nd period - Minor Penalty to Kieffer Bellows for High sticking.
14:07 of 2nd period - Oliver Wahlstrom wins face-off versus Mark Jankowski in Belleville Senators zone.
14:28 of 2nd period - Madison Bowey is hit by Ben Berard and loses puck.
16:06 of 2nd period - Penalty to Kieffer Bellows is over, Kieffer Bellows is back on ice.
16:12 of 2nd period - Wrist shot by Isak Rosen.
16:12 of 2nd period - Shot Misses the Net.
16:14 of 2nd period - Snap shot by Isak Rosen.
16:14 of 2nd period - Shot Blocked by Markus Niemelainen.
16:16 of 2nd period - Slapshot by Hugh McGing.
16:16 of 2nd period - Stopped by Zach Fucale with a rebound.
16:43 of 2nd period - Snap shot by Brett Budgell.
16:43 of 2nd period - Shot Misses the Net.
16:45 of 2nd period - Wrist shot by Brett Budgell.
16:45 of 2nd period - Shot Misses the Net.
16:47 of 2nd period - Slapshot by Keaton Thompson.
16:47 of 2nd period - Deflect By Brett Budgell.
16:47 of 2nd period - Shot Blocked by Cole Schneider.
16:47 of 2nd period - Puck is out of play.
16:48 of 2nd period - Rhett Gardner wins face-off versus Brendan Furry in Belleville Senators zone.
16:48 of 2nd period - Rhett Gardner is hit by Chase Wheatcroft.
17:09 of 2nd period - Slapshot by Charles Hudon.
17:09 of 2nd period - Stopped by Zach Fucale with a rebound.
17:11 of 2nd period - Slapshot by Noel Hoefenmayer.
17:11 of 2nd period - Shot Misses the Net.
17:22 of 2nd period - Icing by Valtteri Puustinen.
17:23 of 2nd period - Mark Jankowski wins face-off versus Isak Rosen in Penguins zone.
17:34 of 2nd period - Noel Hoefenmayer is hit by Jakub Zboril and loses puck.
18:42 of 2nd period - Slapshot by Mark Jankowski.
18:42 of 2nd period - Stopped by Eric Comrie with a rebound.
18:44 of 2nd period - Snap shot by Scott Sabourin.
18:44 of 2nd period - Shot Blocked by Madison Bowey.
19:40 of 2nd period - Snap shot by Scott Sabourin.
19:40 of 2nd period - Shot Misses the Net.
19:42 of 2nd period - Slapshot by Jakub Zboril.
19:42 of 2nd period - Shot Misses the Net.
19:44 of 2nd period - Slapshot by Jakub Zboril.
19:44 of 2nd period - Shot Misses the Net.
19:46 of 2nd period - Slapshot by Valtteri Puustinen.
19:46 of 2nd period - Shot Blocked by Madison Bowey.
19:48 of 2nd period - Slapshot by Jakub Zboril.
19:48 of 2nd period - Deflect By Mark Jankowski.
19:48 of 2nd period - Shot Blocked by Charles Hudon.
19:48 of 2nd period - Puck is out of play.
19:49 of 2nd period - Danny O'Regan wins face-off versus Rhett Gardner in Belleville Senators zone.
19:50 of 2nd period - Snap shot by Ben Tardif.
19:50 of 2nd period - Deflect By Bokondji Imama.
19:50 of 2nd period - Stopped by Eric Comrie without a rebound.
19:51 of 2nd period - Danny O'Regan wins face-off versus Rhett Gardner in Belleville Senators zone.
19:52 of 2nd period - Snap shot by Ben Tardif.
19:52 of 2nd period - Stopped by Eric Comrie with a rebound.
19:56 of 2nd period - Wrist shot by Danny O'Regan.
19:56 of 2nd period - Stopped by Eric Comrie with a rebound.
19:58 of 2nd period - Wrist shot by Ben Tardif.
19:58 of 2nd period - Stopped by Eric Comrie without a rebound.
19:59 of 2nd period - Danny O'Regan wins face-off versus Rhett Gardner in Belleville Senators zone.
Goals for this period are 0 for Belleville Senators vs 1 for Penguins.
Shots for this period are 9 for Belleville Senators vs 18 for Penguins.

3rd period


0:01 of 3rd period - Mark Jankowski wins face-off versus Charles Hudon in neutral zone.
0:04 of 3rd period - Slapshot by Jakub Zboril.
0:04 of 3rd period - Shot Misses the Net.
0:23 of 3rd period - Icing by Jordan Spence.
0:24 of 3rd period - Danny O'Regan wins face-off versus Rhett Gardner in Belleville Senators zone.
1:22 of 3rd period - Wrist shot by Brett Budgell.
1:22 of 3rd period - Shot Misses the Net.
1:56 of 3rd period - Snap shot by Philip Kemp.
1:56 of 3rd period - Shot Blocked by Brett Murray.
2:32 of 3rd period - Tyler Wotherspoon is hit by Daniel D'Amato and loses puck.
3:01 of 3rd period - Wrist shot by Brendan Furry.
3:01 of 3rd period - Stopped by Eric Comrie without a rebound.
3:02 of 3rd period - Brendan Furry wins face-off versus Kieffer Bellows in Belleville Senators zone.
3:03 of 3rd period - Snap shot by Chase Wheatcroft.
3:03 of 3rd period - Stopped by Eric Comrie without a rebound.
3:04 of 3rd period - Charles Hudon wins face-off versus Brendan Furry in Belleville Senators zone.
3:25 of 3rd period - Wrist shot by Beck Malenstyn.
3:25 of 3rd period - Stopped by Zach Fucale with a rebound.
3:49 of 3rd period - Snap shot by Ben Tardif.
3:49 of 3rd period - Shot Blocked by Hugh McGing.
3:51 of 3rd period - Backhand shot by Jakub Zboril.
3:51 of 3rd period - Deflect By Noel Hoefenmayer.
3:51 of 3rd period - Stopped by Eric Comrie without a rebound.
3:52 of 3rd period - Danny O'Regan wins face-off versus Charles Hudon in Belleville Senators zone.
3:52 of 3rd period - Jamie Drysdale is hit by Jordan Spence and loses puck.
4:03 of 3rd period - Snap shot by Danny O'Regan.
4:03 of 3rd period - Stopped by Eric Comrie with a rebound.
4:05 of 3rd period - Wrist shot by Danny O'Regan.
4:05 of 3rd period - Shot Misses the Net.
4:19 of 3rd period - Cole Schneider is hit by Mark Jankowski and loses puck.
4:58 of 3rd period - Slapshot by Jordan Spence.
4:58 of 3rd period - Stopped by Zach Fucale without a rebound.
4:59 of 3rd period - Cole Schneider wins face-off versus Brett Budgell in Penguins zone.
5:02 of 3rd period - Wrist shot by Cole Schneider.
5:02 of 3rd period - Shot Misses the Net.
5:55 of 3rd period - Slapshot by Danny O'Regan.
5:55 of 3rd period - Deflect By Rhett Gardner.
5:55 of 3rd period - Stopped by Eric Comrie with a rebound.
6:52 of 3rd period - Slapshot by Tyler Wotherspoon.
6:52 of 3rd period - Shot Blocked by Scott Sabourin.
7:04 of 3rd period - Hugh McGing is hit by Chase Wheatcroft and loses puck.
9:54 of 3rd period - Snap shot by Collin Adams.
9:54 of 3rd period - Shot Misses the Net.
9:56 of 3rd period - Slapshot by Keaton Thompson.
9:56 of 3rd period - Deflect By Tyler Wotherspoon.
9:56 of 3rd period - Stopped by Eric Comrie with a rebound.
11:21 of 3rd period - Oliver Wahlstrom is hit by Ben Berard and loses puck.
11:30 of 3rd period - Wrist shot by Chase Wheatcroft.
11:30 of 3rd period - Stopped by Eric Comrie with a rebound.
11:32 of 3rd period - Slapshot by Markus Niemelainen.
11:32 of 3rd period - Shot Misses the Net.
11:42 of 3rd period - Slapshot by Mark Jankowski.
11:42 of 3rd period - Stopped by Eric Comrie with a rebound.
11:44 of 3rd period - Slapshot by Philip Kemp.
11:44 of 3rd period - Stopped by Eric Comrie without a rebound.
11:45 of 3rd period - Rhett Gardner wins face-off versus Scott Sabourin in Belleville Senators zone.
11:51 of 3rd period - Minor Penalty to Jordan Spence for Slashing.
11:52 of 3rd period - Oliver Wahlstrom wins face-off versus Scott Sabourin in Belleville Senators zone.
12:19 of 3rd period - Snap shot by Danny O'Regan.
12:19 of 3rd period - Stopped by Eric Comrie with a rebound.
12:21 of 3rd period - Wrist shot by Brendan Furry.
12:21 of 3rd period - Shot Misses the Net.
12:23 of 3rd period - Backhand shot by Ben Berard.
12:23 of 3rd period - Goal by Ben Berard - Belleville Senators : 0 - Penguins : 2.
12:24 of 3rd period - Mark Jankowski wins face-off versus Rhett Gardner in neutral zone.
12:35 of 3rd period - Scott Sabourin is hit by Beck Malenstyn and loses puck.
12:58 of 3rd period - Wrist shot by Hugh McGing.
12:58 of 3rd period - Stopped by Zach Fucale with a rebound.
13:08 of 3rd period - Minor Penalty to Ben Tardif for Tripping.
13:09 of 3rd period - Mark Jankowski wins face-off versus Charles Hudon in Penguins zone.
13:14 of 3rd period - Wrist shot by Mark Jankowski.
13:14 of 3rd period - Shot Misses the Net.
13:16 of 3rd period - Snap shot by Valtteri Puustinen.
13:16 of 3rd period - Shot Blocked by Tyler Wotherspoon.
13:24 of 3rd period - Wrist shot by Jordan Spence.
13:24 of 3rd period - Shot Misses the Net.
14:04 of 3rd period - Wrist shot by Glenn Gawdin.
14:04 of 3rd period - Shot Misses the Net.
14:06 of 3rd period - Snap shot by Madison Bowey.
14:06 of 3rd period - Shot Blocked by Jamie Drysdale.
14:18 of 3rd period - Slapshot by Jakub Zboril.
14:18 of 3rd period - Stopped by Eric Comrie without a rebound.
14:19 of 3rd period - Danny O'Regan wins face-off versus Cole Schneider in Belleville Senators zone.
15:08 of 3rd period - Penalty to Ben Tardif is over, Ben Tardif is back on ice.
15:58 of 3rd period - Snap shot by Collin Adams.
15:58 of 3rd period - Stopped by Eric Comrie with a rebound.
16:00 of 3rd period - Snap shot by Collin Adams.
16:00 of 3rd period - Stopped by Eric Comrie without a rebound.
16:01 of 3rd period - Brett Budgell wins face-off versus Charles Hudon in Belleville Senators zone.
16:39 of 3rd period - Slapshot by Tyler Wotherspoon.
16:39 of 3rd period - Shot Blocked by Markus Niemelainen.
19:16 of 3rd period - Icing by Isak Rosen.
19:17 of 3rd period - Rhett Gardner wins face-off versus Brendan Furry in Belleville Senators zone.
19:52 of 3rd period - Jordan Spence is hit by Mark Jankowski and loses puck.
Goals for this period are 0 for Belleville Senators vs 1 for Penguins.
Shots for this period are 3 for Belleville Senators vs 14 for Penguins.